AoeStats
← iAlejandrouae

Socotra

506883765Analyzed
4v4 RM · 17d ago on Sep 15, 2026· 25m 0s· 8 players
Game mode
Random Map
Map size
148×148
Population
200
Speed
Normal
Resources
Standard
Victory
Conquest
Starting age
Dark Age
Ending age
Imperial Age
RankedLock teamsTeams togetherTeam positionsShared explorationLock speedFull tech treeHidden civsTurbo modeCheats
Victory
Defeat
🇨🇦 Tupi · Canada
1621
+10
🇳🇱 Khmer · Netherlands
1543
+13
🇩🇰 Sicilians · Denmark
1431
+17
🇺🇸 Georgians · United States
1356
+20
🇦🇷 Persians · Argentina
1591
-19
1484
-16
🇨🇱 Lithuanians · Chile
1412
-13
🇨🇴 Japanese · Colombia
1380
-12
iAlejandrouae
8:54 Feudal Age
7:53 Loom
9:15 Double-Bit Axe
9:18 Horse Collar
20:32 Castle Age
20:13 Wheelbarrow
Yucatan_water_supremacy
6:03 Loom
9:22 Feudal Age
12:58 Town Watch
uribeparacohp
4:52 Loom
Hennessy
0:46 Loom
3:40 Loom
13:04 Feudal Age
13:35 Double-Bit Axe
21:54 Scale Barding Armor
is it pink?
11:42 Feudal Age
14:26 Castle Age
12:40 Double-Bit Axe
13:42 Horse Collar
17:31 Scale Barding Armor
19:31 Gold Mining
20:50 Forging
22:44 Iron Casting
Lord Longshaft
5:06 Loom
NUBSINC
5:39 Loom
10:21 Feudal Age
13:59 Double-Bit Axe
25:56 Castle Age
Benitto Burrito
0:34 Loom
12:28 Feudal Age
18:17 Fletching
Connection lost

Rejoining the realm…

Still unreachable

The connection could not be restored.

Session expired

The server has moved on; the page needs a fresh start.